Login

Vancouver Canucks vs Winnipeg Jets

Created - 10 April 2024 at 23:14

Goals
1 2 3 OT1 SO T
Vancouver Canucks 2 0 1 0 2 4
Winnipeg Jets 1 0 2 0 1 3
Shots
1 2 3 OT1 SO T
Vancouver Canucks 8 6 19 2 4 35
Winnipeg Jets 8 7 13 1 4 29

GoalsPenalties
1st period
1. Vancouver Canucks , Quinn Hughes 5 (J.T. Miller 10) at 14:01 (PP)
2. Vancouver Canucks , Anthony Beauvillier 4 (Elias Pettersson 8, J.T. Miller 11) at 16:44 (SH)
3. Winnipeg Jets , Nikolaj Ehlers 6 (Adam Lowry 6, Brenden Dillon 1) at 18:52
Brenden Dillon (WPG) for Diving (Minor) at 4:20
Quinn Hughes (VAN) for Tripping (Minor) at 7:43
Quinn Hughes (VAN) for Tripping (Minor) at 10:06
Neal Pionk (WPG) for Holding (Minor) at 12:24
Quinn Hughes (VAN) for Holding (Minor) at 16:04
2nd period
No Goal
3rd period
4. Winnipeg Jets , Alex Chiasson 1 (Gabriel Vilardi 3) at 4:19
5. Winnipeg Jets , Nikolaj Ehlers 7 (Brenden Dillon 2, Nino Niederreiter 9) at 10:59
6. Vancouver Canucks , J.T. Miller 5 (Andrei Kuzmenko 13, Tyler Myers 3) at 19:53
Josh Morrissey (WPG) for Holding Stick (Minor) at 15:06
Overtime #1
No Goal
Shootout
Vancouver Canucks, J.T. Miller - Stopped by Connor Hellebuyck
Winnipeg Jets, Mark Scheifele - Stopped by Casey DeSmith
Vancouver Canucks, Elias Pettersson - Goal!
Winnipeg Jets, Phil Kessel - Goal!
Vancouver Canucks, Andrei Kuzmenko - Shot Misses the Net
Winnipeg Jets, Kyle Connor - Stopped by Casey DeSmith
Vancouver Canucks, Brock Boeser - Goal!
Winnipeg Jets, Nikolaj Ehlers - Stopped by Casey DeSmith
Goalie Stats
Casey DeSmith (VAN), 26 saves from 29 shots - (0.897), W, 1-0-1, 64:16 minutes
Connor Hellebuyck (WPG), 32 saves from 35 shots - (0.914), OTL, 5-7-4, 65:00 minutes
3 StarsOfficial
1 - J.T. Miller (VAN)
2 - Nikolaj Ehlers (WPG)
3 - Brenden Dillon (WPG)
Referees : Robert Hennessey and Wes McCauley
Linesman : Andrew Smith and Bevan Mills
Game Note
No Game Note
Finance
Level 1 -- Attendance: 5914 (98.57%) -- Ticket Income $591,400
Level 2 -- Attendance: 4722 (94.44%) -- Ticket Income $283,320
Level 3 -- Attendance: 1955 (97.75%) -- Ticket Income $68,425
Level 4 -- Attendance: 3421 (85.53%) -- Ticket Income $85,525
Luxury Box -- Attendance: 857 (85.70%) -- Ticket Income $171,400
Game was played at the Canada Life Centre.
Total Attendance: 16869 (93.72%)
Total Ticket Income: $1,200,070
Other Income: $588,034
Total Income: $1,788,104



Team Name Goals Shots Shots Attemp Shots Blocked PIM HIT PP PK FO%
Vancouver Canucks 43577176321 / 3 (33%)057%
Winnipeg Jets 32957126250 / 3 (0%)143%

Vancouver Canucks
Player Name POS G A P +/- PIM HIT SHT SB MP PP MP PP SHT PK MP PK SHT FO% FOT GA TA
Andrei KuzmenkoLW0111005426:572:4613:220100% 100
Anthony BeauvillierLW101-2011120:542:4901:5210% 000
Brock BoeserRW0001024124:192:4600:00060% 530
Carson SoucyD0001031214:572:3211:5000% 000
Conor GarlandRW000-3023019:182:4910:0800% 010
Dakota JoshuaC000000004:120:0000:0000% 200
Elias PetterssonC011-2004120:372:4911:48040% 1510
Filip HronekD000-1020021:263:0303:5100% 000
Ian ColeD000-1030221:233:0301:5500% 001
Ilya MikheyevRW0000012011:320:0000:0000% 000
J.T. MillerC1231046127:352:4613:26061% 4100
Noah JuulsenD0000020112:310:0000:1600% 000
Phillip Di-GiuseppeLW0000011011:250:0000:400100% 100
Pius SuterC000000004:120:0000:0000% 000
Quinn HughesD101-1647328:392:3210:0000% 010
Sam LaffertyC0000010111:310:0000:00080% 501
Sheldon DriesC000001000:420:0000:3800% 000
Tyler MyersD0110051026:500:0004:0200% 001
Winnipeg Jets
Player Name POS G A P +/- PIM HIT SHT SB MP PP MP PP SHT PK MP PK SHT FO% FOT GA TA
Adam LowryC0111021118:322:3900:00060% 1001
Alex ChiassonRW1010009015:100:0001:4600% 100
Arber XhekajD000000003:260:0000:0000% 000
Brenden DillonD0222241219:292:3210:5600% 001
Dylan DeMeloD0001020122:442:3203:5300% 000
Dylan SambergD000-1030120:053:2503:4100% 000
Gabriel VilardiC0111011013:540:0001:46020% 1000
Josh MorrisseyD0000202224:180:0001:5700% 012
Kyle ConnorLW0000013221:333:1810:4800% 101
Mark ScheifeleC000-1014028:223:1803:01050% 3400
Mason AppletonC0001000012:200:0000:38050% 400
Morgan BarronC000002029:340:0003:11022% 900
Nate SchmidtD000100019:270:0000:0000% 000
Neal PionkD000-1222025:573:2500:4300% 010
Nikolaj EhlersLW2020023019:322:3900:0000% 000
Nino NiederreiterRW0111032018:212:3900:0000% 010
Phil KesselRW0000021020:023:1800:000100% 101
Rasmus KupariC000000006:360:0000:0000% 000

Vancouver Canucks

5 vs 5 Forward
Line #Left WingCenterRight WingPHYDFOFWanted %Time %Time Play
1Andrei KuzmenkoJ.T. MillerBrock Boeser1224539%18:28
2Anthony BeauvillierElias PetterssonConor Garland1223030%14:04
3Phillip Di-GiuseppeSam LaffertyIlya Mikheyev1221823%10:41
4Pius SuterDakota JoshuaBrock Boeser12279%4:12
5 vs 5 Defense
Line #DefenseDefensePHYDFOFWanted %Time %Time Play
1Quinn HughesTyler Myers1224144%20:56
2Ian ColeFilip Hronek1223032%15:13
3Carson SoucyNoah Juulsen1222020%9:21
4Quinn HughesTyler Myers12294%1:55
Power Play Forward
Line #Left WingCenterRight WingPHYDFOFWanted %Time %Time Play
1Andrei KuzmenkoJ.T. MillerBrock Boeser1226050%2:46
2Anthony BeauvillierElias PetterssonConor Garland1224050%2:49
Power Play Defense
Line #DefenseDefensePHYDFOFWanted %Time %Time Play
1Quinn HughesCarson Soucy1226045%2:32
2Ian ColeFilip Hronek1224055%3:03
Penalty Kill 4 Players Forward
Line #CenterWingPHYDFOFWanted %Time %Time Play
1J.T. MillerAndrei Kuzmenko1226070%4:09
2Elias PetterssonAnthony Beauvillier1224030%1:48
Penalty Kill 4 Players Defense
Line #DefenseDefensePHYDFOFWanted %Time %Time Play
1Tyler MyersQuinn Hughes1226081%4:50
2Ian ColeFilip Hronek1224019%1:07
Penalty Kill 3 Players
Line #WingPHYDFOFWanted %Time %Time PlayDefenseDefensePHYDFOFWanted %Time %Time Play
1J.T. Miller122600%0:00 Tyler MyersCarson Soucy122600%0:00
2Elias Pettersson122400%0:00 Ian ColeFilip Hronek122400%0:00
4 vs 4 Forward
Line #CenterWingPHYDFOFWanted %Time %Time Play
1J.T. MillerAndrei Kuzmenko122600%0:00
2Elias PetterssonAnthony Beauvillier122400%0:00
4 vs 4 Defense
Line #DefensePHYDFOFWanted %Time %Time Play
1Quinn HughesTyler Myers122600%0:00
2Ian ColeFilip Hronek122400%0:00
Last Minutes Offensive
Left WingCenterRight WingDefenseDefense
Andrei KuzmenkoJ.T. MillerBrock BoeserQuinn HughesTyler Myers
Last Minutes Defensive
Left WingCenterRight WingDefenseDefense
Andrei KuzmenkoJ.T. MillerBrock BoeserQuinn HughesTyler Myers
Time
Total ForwardTotal DefenseLast Minutes OffensiveLast Minutes Defensive
60:00 60:00 1:030:00
Extra Forwards
Normal PowerPlayPenalty Kill
Conor Garland, Anthony Beauvillier, Sam LaffertyConor Garland, Anthony BeauvillierConor Garland
Extra Defensemen
Normal PowerPlayPenalty Kill
Filip Hronek, Carson Soucy, Noah JuulsenFilip Hronek, Filip HronekCarson Soucy
Penalty Shots
J.T. Miller, Elias Pettersson, Andrei Kuzmenko, Brock Boeser, Conor Garland
Goalie
Casey DeSmith, Thatcher Demko
Custom OT Lines Forwards
J.T. Miller, Elias Pettersson, Andrei Kuzmenko, Brock Boeser, Conor Garland, Anthony Beauvillier, Sam Lafferty, Ilya Mikheyev, Dakota Joshua, Pius Suter
Custom OT Lines Defensemen
Noah Juulsen, Quinn Hughes, Ian Cole, Filip Hronek, Carson Soucy
Scratches
Teddy Blueger (Healthy), Nils Hoglander (Healthy), Matt Irwin (Torn Left ACL Injury)

Winnipeg Jets

5 vs 5 Forward
Line #Left WingCenterRight WingPHYDFOFWanted %Time %Time Play
1Kyle ConnorMark ScheifelePhil Kessel1223532%15:13
2Nikolaj EhlersAdam LowryNino Niederreiter1223031%14:57
3Mason AppletonGabriel VilardiAlex Chiasson1222524%11:11
4Rasmus KupariMorgan BarronMark Scheifele1221013%6:07
5 vs 5 Defense
Line #DefenseDefensePHYDFOFWanted %Time %Time Play
1Josh MorrisseyNeal Pionk1224042%20:02
2Brenden DillonDylan DeMelo1223031%14:40
3Dylan SambergNate Schmidt1222020%9:20
4Arber XhekajJosh Morrissey122107%3:26
Power Play Forward
Line #Left WingCenterRight WingPHYDFOFWanted %Time %Time Play
1Kyle ConnorMark ScheifelePhil Kessel1226055%3:18
2Nikolaj EhlersAdam LowryNino Niederreiter1224045%2:39
Power Play Defense
Line #DefenseDefensePHYDFOFWanted %Time %Time Play
1Dylan SambergNeal Pionk1226057%3:25
2Brenden DillonDylan DeMelo1224043%2:32
Penalty Kill 4 Players Forward
Line #CenterWingPHYDFOFWanted %Time %Time Play
1Morgan BarronMark Scheifele1226068%3:49
2Gabriel VilardiAlex Chiasson1224032%1:46
Penalty Kill 4 Players Defense
Line #DefenseDefensePHYDFOFWanted %Time %Time Play
1Josh MorrisseyDylan Samberg1226066%3:41
2Brenden DillonDylan DeMelo1224034%1:54
Penalty Kill 3 Players
Line #WingPHYDFOFWanted %Time %Time PlayDefenseDefensePHYDFOFWanted %Time %Time Play
1Mark Scheifele122600%0:00 Josh MorrisseyBrenden Dillon122600%0:00
2Adam Lowry122400%0:00 Dylan SambergDylan DeMelo122400%0:00
4 vs 4 Forward
Line #CenterWingPHYDFOFWanted %Time %Time Play
1Mark ScheifeleKyle Connor122600%0:00
2Adam LowryNikolaj Ehlers122400%0:00
4 vs 4 Defense
Line #DefensePHYDFOFWanted %Time %Time Play
1Dylan SambergBrenden Dillon122600%0:00
2Josh MorrisseyDylan DeMelo122400%0:00
Last Minutes Offensive
Left WingCenterRight WingDefenseDefense
Kyle ConnorMark ScheifeleNino NiederreiterJosh MorrisseyNeal Pionk
Last Minutes Defensive
Left WingCenterRight WingDefenseDefense
Nikolaj EhlersMark ScheifeleAlex ChiassonDylan DeMeloDylan Samberg
Time
Total ForwardTotal DefenseLast Minutes OffensiveLast Minutes Defensive
60:00 60:00 0:001:00
Extra Forwards
Normal PowerPlayPenalty Kill
Mark Scheifele, Kyle Connor, Adam LowryKyle Connor, Mark ScheifeleMark Scheifele
Extra Defensemen
Normal PowerPlayPenalty Kill
Dylan DeMelo, Brenden Dillon, Neal PionkDylan DeMelo, Dylan DeMeloDylan Samberg
Penalty Shots
Mark Scheifele, Phil Kessel, Kyle Connor, Nikolaj Ehlers, Nino Niederreiter
Goalie
Connor Hellebuyck, Laurent Brossoit
Custom OT Lines Forwards
Mark Scheifele, Kyle Connor, Adam Lowry, Nikolaj Ehlers, Nino Niederreiter, Phil Kessel, Gabriel Vilardi, Rasmus Kupari, Morgan Barron, Alex Chiasson
Custom OT Lines Defensemen
Neal Pionk, Brenden Dillon, Dylan Samberg, Nate Schmidt, Dylan DeMelo
Scratches
Samuel Fagemo (Healthy), Alex Iafallo (Bruised Right Foot Injury), Mathieu Olivier (Healthy)


Play-by-Play

1st period


0:01 of 1st period - J.T. Miller wins face-off versus Mark Scheifele in neutral zone.
0:04 of 1st period - Wrist shot by Andrei Kuzmenko.
0:04 of 1st period - Shot Misses the Net.
1:05 of 1st period - Icing by Dylan DeMelo.
1:06 of 1st period - Adam Lowry wins face-off versus Dakota Joshua in Winnipeg Jets zone.
1:10 of 1st period - Off-side.
1:11 of 1st period - Gabriel Vilardi wins face-off versus Dakota Joshua in neutral zone.
1:23 of 1st period - Slapshot by Gabriel Vilardi.
1:23 of 1st period - Deflect By Alex Chiasson.
1:23 of 1st period - Stopped by Casey DeSmith with a rebound.
1:25 of 1st period - Snap shot by Gabriel Vilardi.
1:25 of 1st period - Shot Blocked by Noah Juulsen.
1:27 of 1st period - Slapshot by Alex Chiasson.
1:27 of 1st period - Stopped by Casey DeSmith with a rebound.
1:37 of 1st period - Snap shot by Conor Garland.
1:37 of 1st period - Shot Misses the Net.
1:43 of 1st period - Mark Scheifele is hit by Carson Soucy and loses puck.
2:44 of 1st period - Brenden Dillon is hit by Tyler Myers and loses puck.
3:03 of 1st period - Kyle Connor is hit by Quinn Hughes and loses puck.
3:20 of 1st period - Backhand shot by Nikolaj Ehlers.
3:20 of 1st period - Shot Misses the Net.
3:22 of 1st period - Snap shot by Adam Lowry.
3:22 of 1st period - Stopped by Casey DeSmith without a rebound.
3:23 of 1st period - J.T. Miller wins face-off versus Gabriel Vilardi in Vancouver Canucks zone.
3:55 of 1st period - Slapshot by Andrei Kuzmenko.
3:55 of 1st period - Deflect By J.T. Miller.
3:55 of 1st period - Shot Blocked by Nate Schmidt.
3:55 of 1st period - Puck is out of play.
3:56 of 1st period - Mark Scheifele wins face-off versus Elias Pettersson in Winnipeg Jets zone.
4:11 of 1st period - Snap shot by Mark Scheifele.
4:11 of 1st period - Stopped by Casey DeSmith without a rebound.
4:12 of 1st period - Sam Lafferty wins face-off versus Morgan Barron in Vancouver Canucks zone.
4:20 of 1st period - Minor Penalty to Brenden Dillon for Diving.
4:21 of 1st period - J.T. Miller wins face-off versus Morgan Barron in Winnipeg Jets zone.
4:25 of 1st period - Snap shot by J.T. Miller.
4:25 of 1st period - Stopped by Connor Hellebuyck with a rebound.
4:47 of 1st period - Morgan Barron is hit by Carson Soucy and loses puck.
5:33 of 1st period - Anthony Beauvillier is hit by Kyle Connor and loses puck.
6:00 of 1st period - Alex Chiasson is hit by Ian Cole and loses puck.
6:20 of 1st period - Penalty to Brenden Dillon is over, Brenden Dillon is back on ice.
6:37 of 1st period - Conor Garland is hit by Nino Niederreiter and loses puck.
6:50 of 1st period - Snap shot by Conor Garland.
6:50 of 1st period - Stopped by Connor Hellebuyck with a rebound.
7:30 of 1st period - Ilya Mikheyev is hit by Neal Pionk and loses puck.
7:43 of 1st period - Minor Penalty to Quinn Hughes for Tripping.
7:44 of 1st period - Mark Scheifele wins face-off versus J.T. Miller in Vancouver Canucks zone.
7:49 of 1st period - Wrist shot by Kyle Connor.
7:49 of 1st period - Stopped by Casey DeSmith with a rebound.
7:51 of 1st period - Slapshot by Brenden Dillon.
7:51 of 1st period - Stopped by Casey DeSmith with a rebound.
7:53 of 1st period - Snap shot by Brenden Dillon.
7:53 of 1st period - Shot Blocked by Carson Soucy.
7:55 of 1st period - Slapshot by Brenden Dillon.
7:55 of 1st period - Deflect By Mark Scheifele.
7:55 of 1st period - Shot Blocked by Andrei Kuzmenko.
7:55 of 1st period - Puck is out of play.
7:56 of 1st period - J.T. Miller wins face-off versus Mark Scheifele in Vancouver Canucks zone.
8:11 of 1st period - Snap shot by Mark Scheifele.
8:11 of 1st period - Shot Misses the Net.
8:49 of 1st period - Dylan DeMelo is hit by Sheldon Dries and loses puck.
9:43 of 1st period - Penalty to Quinn Hughes is over, Quinn Hughes is back on ice.
9:54 of 1st period - Wrist shot by Brock Boeser.
9:54 of 1st period - Shot Misses the Net.
10:06 of 1st period - Minor Penalty to Quinn Hughes for Tripping.
10:07 of 1st period - Mark Scheifele wins face-off versus J.T. Miller in Vancouver Canucks zone.
10:47 of 1st period - Elias Pettersson is hit by Neal Pionk and loses puck.
10:58 of 1st period - Tyler Myers is hit by Dylan Samberg and loses puck.
12:06 of 1st period - Penalty to Quinn Hughes is over, Quinn Hughes is back on ice.
12:24 of 1st period - Minor Penalty to Neal Pionk for Holding.
12:25 of 1st period - J.T. Miller wins face-off versus Morgan Barron in Winnipeg Jets zone.
12:39 of 1st period - Snap shot by Quinn Hughes.
12:39 of 1st period - Shot Blocked by Morgan Barron.
13:13 of 1st period - Josh Morrissey is hit by Brock Boeser.
13:23 of 1st period - Wrist shot by J.T. Miller.
13:23 of 1st period - Shot Blocked by Dylan Samberg.
13:52 of 1st period - Icing by Carson Soucy.
13:53 of 1st period - Elias Pettersson wins face-off versus Mason Appleton in Vancouver Canucks zone.
13:57 of 1st period - Off-side.
13:58 of 1st period - J.T. Miller wins face-off versus Mason Appleton in neutral zone.
14:01 of 1st period - Slapshot by Quinn Hughes.
14:01 of 1st period - Goal by Quinn Hughes - Vancouver Canucks : 1 - Winnipeg Jets : 0.
14:02 of 1st period - J.T. Miller wins face-off versus Mark Scheifele in neutral zone.
14:05 of 1st period - Wrist shot by Quinn Hughes.
14:05 of 1st period - Shot Blocked by Kyle Connor.
14:07 of 1st period - Wrist shot by Quinn Hughes.
14:07 of 1st period - Stopped by Connor Hellebuyck without a rebound.
14:08 of 1st period - Mark Scheifele wins face-off versus J.T. Miller in Winnipeg Jets zone.
14:43 of 1st period - Snap shot by Ilya Mikheyev.
14:43 of 1st period - Stopped by Connor Hellebuyck without a rebound.
14:44 of 1st period - Adam Lowry wins face-off versus J.T. Miller in Winnipeg Jets zone.
15:11 of 1st period - Adam Lowry is hit by Ilya Mikheyev and loses puck.
15:33 of 1st period - Off-side.
15:34 of 1st period - Elias Pettersson wins face-off versus Gabriel Vilardi in neutral zone.
15:43 of 1st period - Snap shot by Quinn Hughes.
15:43 of 1st period - Stopped by Connor Hellebuyck without a rebound.
15:44 of 1st period - J.T. Miller wins face-off versus Mark Scheifele in Winnipeg Jets zone.
15:52 of 1st period - Josh Morrissey is hit by Tyler Myers and loses puck.
15:55 of 1st period - Slapshot by Neal Pionk.
15:55 of 1st period - Stopped by Casey DeSmith with a rebound.
16:04 of 1st period - Minor Penalty to Quinn Hughes for Holding.
16:05 of 1st period - J.T. Miller wins face-off versus Mark Scheifele in Vancouver Canucks zone.
16:13 of 1st period - Slapshot by Kyle Connor.
16:13 of 1st period - Shot Blocked by Andrei Kuzmenko.
16:44 of 1st period - Snap shot by Anthony Beauvillier.
16:44 of 1st period - Goal by Anthony Beauvillier - Vancouver Canucks : 2 - Winnipeg Jets : 0.
16:45 of 1st period - Mark Scheifele wins face-off versus J.T. Miller in neutral zone.
18:04 of 1st period - Penalty to Quinn Hughes is over, Quinn Hughes is back on ice.
18:11 of 1st period - J.T. Miller is hit by Dylan Samberg and loses puck.
18:24 of 1st period - Wrist shot by Gabriel Vilardi.
18:24 of 1st period - Shot Blocked by J.T. Miller.
18:44 of 1st period - Snap shot by Quinn Hughes.
18:44 of 1st period - Stopped by Connor Hellebuyck without a rebound.
18:45 of 1st period - Elias Pettersson wins face-off versus Adam Lowry in Winnipeg Jets zone.
18:52 of 1st period - Slapshot by Nikolaj Ehlers.
18:52 of 1st period - Goal by Nikolaj Ehlers - Vancouver Canucks : 2 - Winnipeg Jets : 1.
18:53 of 1st period - Elias Pettersson wins face-off versus Mark Scheifele in neutral zone.
Goals for this period are 2 for Vancouver Canucks vs 1 for Winnipeg Jets.
Shots for this period are 8 for Vancouver Canucks vs 8 for Winnipeg Jets.

2nd period


0:01 of 2nd period - Mark Scheifele wins face-off versus J.T. Miller in neutral zone.
0:05 of 2nd period - Snap shot by Kyle Connor.
0:05 of 2nd period - Stopped by Casey DeSmith without a rebound.
0:06 of 2nd period - J.T. Miller wins face-off versus Mark Scheifele in Vancouver Canucks zone.
0:06 of 2nd period - J.T. Miller is hit by Brenden Dillon.
0:39 of 2nd period - Snap shot by Alex Chiasson.
0:39 of 2nd period - Stopped by Casey DeSmith with a rebound.
0:41 of 2nd period - Wrist shot by Mason Appleton.
0:41 of 2nd period - Shot Misses the Net.
0:43 of 2nd period - Slapshot by Dylan DeMelo.
0:43 of 2nd period - Shot Blocked by Andrei Kuzmenko.
0:45 of 2nd period - Snap shot by Gabriel Vilardi.
0:45 of 2nd period - Stopped by Casey DeSmith without a rebound.
0:46 of 2nd period - Mark Scheifele wins face-off versus Elias Pettersson in Vancouver Canucks zone.
0:49 of 2nd period - Snap shot by Mark Scheifele.
0:49 of 2nd period - Shot Blocked by Elias Pettersson.
0:51 of 2nd period - Wrist shot by Phil Kessel.
0:51 of 2nd period - Stopped by Casey DeSmith without a rebound.
0:52 of 2nd period - Mark Scheifele wins face-off versus Elias Pettersson in Vancouver Canucks zone.
0:59 of 2nd period - Slapshot by Josh Morrissey.
0:59 of 2nd period - Stopped by Casey DeSmith without a rebound.
1:00 of 2nd period - J.T. Miller wins face-off versus Mark Scheifele in Vancouver Canucks zone.
1:27 of 2nd period - Josh Morrissey is hit by Anthony Beauvillier and loses puck.
1:32 of 2nd period - Wrist shot by Conor Garland.
1:32 of 2nd period - Stopped by Connor Hellebuyck without a rebound.
1:33 of 2nd period - Elias Pettersson wins face-off versus Adam Lowry in Winnipeg Jets zone.
1:46 of 2nd period - Adam Lowry is hit by Filip Hronek and loses puck.
2:33 of 2nd period - Snap shot by Ilya Mikheyev.
2:33 of 2nd period - Deflect By Gabriel Vilardi.
2:33 of 2nd period - Stopped by Connor Hellebuyck without a rebound.
2:34 of 2nd period - J.T. Miller wins face-off versus Mark Scheifele in Winnipeg Jets zone.
2:43 of 2nd period - Wrist shot by Andrei Kuzmenko.
2:43 of 2nd period - Shot Misses the Net.
2:58 of 2nd period - Icing by Filip Hronek.
2:59 of 2nd period - Adam Lowry wins face-off versus Elias Pettersson in Vancouver Canucks zone.
3:04 of 2nd period - Backhand shot by Nino Niederreiter.
3:04 of 2nd period - Stopped by Casey DeSmith without a rebound.
3:05 of 2nd period - Elias Pettersson wins face-off versus Adam Lowry in Vancouver Canucks zone.
3:14 of 2nd period - Slapshot by Conor Garland.
3:14 of 2nd period - Shot Blocked by Brenden Dillon.
3:39 of 2nd period - Snap shot by Elias Pettersson.
3:39 of 2nd period - Stopped by Connor Hellebuyck without a rebound.
3:40 of 2nd period - Mark Scheifele wins face-off versus J.T. Miller in Winnipeg Jets zone.
3:40 of 2nd period - Mark Scheifele is hit by Tyler Myers.
3:50 of 2nd period - Wrist shot by Andrei Kuzmenko.
3:50 of 2nd period - Shot Misses the Net.
3:52 of 2nd period - Snap shot by Quinn Hughes.
3:52 of 2nd period - Shot Blocked by Josh Morrissey.
3:54 of 2nd period - Snap shot by Quinn Hughes.
3:54 of 2nd period - Shot Misses the Net.
4:15 of 2nd period - Slapshot by Quinn Hughes.
4:15 of 2nd period - Stopped by Connor Hellebuyck with a rebound.
4:17 of 2nd period - Wrist shot by Phillip Di-Giuseppe.
4:17 of 2nd period - Stopped by Connor Hellebuyck without a rebound.
4:18 of 2nd period - Adam Lowry wins face-off versus J.T. Miller in Winnipeg Jets zone.
4:18 of 2nd period - Adam Lowry is hit by Filip Hronek.
4:32 of 2nd period - Snap shot by Nino Niederreiter.
4:32 of 2nd period - Deflect By Nikolaj Ehlers.
4:32 of 2nd period - Shot Blocked by Andrei Kuzmenko.
4:32 of 2nd period - Puck is out of play.
4:33 of 2nd period - J.T. Miller wins face-off versus Gabriel Vilardi in Vancouver Canucks zone.
4:40 of 2nd period - Slapshot by J.T. Miller.
4:40 of 2nd period - Shot Blocked by Josh Morrissey.
5:00 of 2nd period - Conor Garland is hit by Phil Kessel and loses puck.
5:44 of 2nd period - Wrist shot by Mark Scheifele.
5:44 of 2nd period - Shot Blocked by Ian Cole.
5:46 of 2nd period - Wrist shot by Mark Scheifele.
5:46 of 2nd period - Deflect By Morgan Barron.
5:46 of 2nd period - Shot Misses the Net.
5:46 of 2nd period - Puck is out of play.
5:47 of 2nd period - Morgan Barron wins face-off versus J.T. Miller in Vancouver Canucks zone.
6:38 of 2nd period - Brenden Dillon is hit by Ian Cole and loses puck.
7:03 of 2nd period - Slapshot by Morgan Barron.
7:03 of 2nd period - Shot Blocked by Carson Soucy.
7:17 of 2nd period - Anthony Beauvillier is hit by Adam Lowry and loses puck.
7:22 of 2nd period - Snap shot by Nikolaj Ehlers.
7:22 of 2nd period - Shot Misses the Net.
7:36 of 2nd period - Slapshot by Brock Boeser.
7:36 of 2nd period - Stopped by Connor Hellebuyck with a rebound.
8:11 of 2nd period - Anthony Beauvillier is hit by Adam Lowry and loses puck.
8:42 of 2nd period - Tyler Myers is hit by Brenden Dillon and loses puck.
9:28 of 2nd period - Snap shot by Brock Boeser.
9:28 of 2nd period - Shot Misses the Net.
9:42 of 2nd period - Nino Niederreiter is hit by Carson Soucy and loses puck.
10:30 of 2nd period - Mason Appleton is hit by Ian Cole and loses puck.
12:47 of 2nd period - Nate Schmidt is hit by J.T. Miller and loses puck.
12:58 of 2nd period - Anthony Beauvillier is hit by Nikolaj Ehlers and loses puck.
14:45 of 2nd period - J.T. Miller is hit by Mark Scheifele and loses puck.
15:11 of 2nd period - Kyle Connor is hit by Sam Lafferty and loses puck.
17:02 of 2nd period - Nikolaj Ehlers is hit by J.T. Miller and loses puck.
18:09 of 2nd period - Anthony Beauvillier is hit by Morgan Barron and loses puck.
18:53 of 2nd period - Snap shot by Gabriel Vilardi.
18:53 of 2nd period - Shot Misses the Net.
19:52 of 2nd period - Wrist shot by Mark Scheifele.
19:52 of 2nd period - Stopped by Casey DeSmith without a rebound.
19:53 of 2nd period - Sam Lafferty wins face-off versus Morgan Barron in Vancouver Canucks zone.
Goals for this period are 0 for Vancouver Canucks vs 0 for Winnipeg Jets.
Shots for this period are 6 for Vancouver Canucks vs 7 for Winnipeg Jets.

3rd period


0:01 of 3rd period - Mark Scheifele wins face-off versus J.T. Miller in neutral zone.
0:06 of 3rd period - Andrei Kuzmenko is hit by Phil Kessel and loses puck.
0:17 of 3rd period - Slapshot by Josh Morrissey.
0:17 of 3rd period - Deflect By Mark Scheifele.
0:17 of 3rd period - Stopped by Casey DeSmith without a rebound.
0:18 of 3rd period - Mason Appleton wins face-off versus Elias Pettersson in Vancouver Canucks zone.
0:25 of 3rd period - Wrist shot by Elias Pettersson.
0:25 of 3rd period - Shot Misses the Net.
0:31 of 3rd period - Slapshot by Josh Morrissey.
0:31 of 3rd period - Shot Misses the Net.
0:33 of 3rd period - Snap shot by Alex Chiasson.
0:33 of 3rd period - Stopped by Casey DeSmith without a rebound.
0:34 of 3rd period - J.T. Miller wins face-off versus Mark Scheifele in Vancouver Canucks zone.
0:47 of 3rd period - Phil Kessel is hit by J.T. Miller and loses puck.
1:07 of 3rd period - Slapshot by Nikolaj Ehlers.
1:07 of 3rd period - Stopped by Casey DeSmith with a rebound.
1:21 of 3rd period - Filip Hronek is hit by Brenden Dillon and loses puck.
1:28 of 3rd period - Wrist shot by Alex Chiasson.
1:28 of 3rd period - Stopped by Casey DeSmith without a rebound.
1:29 of 3rd period - Andrei Kuzmenko wins face-off versus Kyle Connor in Vancouver Canucks zone.
1:43 of 3rd period - Snap shot by Brock Boeser.
1:43 of 3rd period - Stopped by Connor Hellebuyck without a rebound.
1:44 of 3rd period - Brock Boeser wins face-off versus Mark Scheifele in Winnipeg Jets zone.
1:53 of 3rd period - Snap shot by Andrei Kuzmenko.
1:53 of 3rd period - Stopped by Connor Hellebuyck with a rebound.
1:55 of 3rd period - Snap shot by Brock Boeser.
1:55 of 3rd period - Deflect By Josh Morrissey.
1:55 of 3rd period - Shot Misses the Net.
1:55 of 3rd period - Puck is out of play.
1:56 of 3rd period - J.T. Miller wins face-off versus Mark Scheifele in Winnipeg Jets zone.
2:05 of 3rd period - Wrist shot by J.T. Miller.
2:05 of 3rd period - Shot Misses the Net.
2:23 of 3rd period - Neal Pionk is hit by Phillip Di-Giuseppe and loses puck.
3:27 of 3rd period - Icing by Alex Chiasson.
3:28 of 3rd period - Mason Appleton wins face-off versus Sam Lafferty in Winnipeg Jets zone.
4:17 of 3rd period - Wrist shot by Alex Chiasson.
4:17 of 3rd period - Stopped by Casey DeSmith without a rebound.
4:18 of 3rd period - Gabriel Vilardi wins face-off versus Elias Pettersson in Vancouver Canucks zone.
4:19 of 3rd period - Slapshot by Alex Chiasson.
4:19 of 3rd period - Goal by Alex Chiasson - Vancouver Canucks : 2 - Winnipeg Jets : 2.
4:20 of 3rd period - Phil Kessel wins face-off versus J.T. Miller in neutral zone.
4:55 of 3rd period - Slapshot by Josh Morrissey.
4:55 of 3rd period - Shot Blocked by Quinn Hughes.
4:57 of 3rd period - Snap shot by Adam Lowry.
4:57 of 3rd period - Shot Blocked by Quinn Hughes.
4:59 of 3rd period - Slapshot by Neal Pionk.
4:59 of 3rd period - Stopped by Casey DeSmith without a rebound.
5:00 of 3rd period - Brock Boeser wins face-off versus Alex Chiasson in Vancouver Canucks zone.
5:07 of 3rd period - Snap shot by Gabriel Vilardi.
5:07 of 3rd period - Shot Blocked by Brock Boeser.
5:09 of 3rd period - Snap shot by Alex Chiasson.
5:09 of 3rd period - Stopped by Casey DeSmith with a rebound.
5:11 of 3rd period - Snap shot by Gabriel Vilardi.
5:11 of 3rd period - Shot Blocked by Ian Cole.
5:13 of 3rd period - Snap shot by Alex Chiasson.
5:13 of 3rd period - Stopped by Casey DeSmith without a rebound.
5:14 of 3rd period - Mark Scheifele wins face-off versus Brock Boeser in Vancouver Canucks zone.
5:40 of 3rd period - Elias Pettersson is hit by Nino Niederreiter and loses puck.
6:30 of 3rd period - Wrist shot by Gabriel Vilardi.
6:30 of 3rd period - Shot Misses the Net.
6:32 of 3rd period - Slapshot by Josh Morrissey.
6:32 of 3rd period - Stopped by Casey DeSmith with a rebound.
6:34 of 3rd period - Snap shot by Gabriel Vilardi.
6:34 of 3rd period - Deflect By Alex Chiasson.
6:34 of 3rd period - Shot Misses the Net.
6:34 of 3rd period - Puck is out of play.
6:35 of 3rd period - Mark Scheifele wins face-off versus Elias Pettersson in Vancouver Canucks zone.
7:02 of 3rd period - Gabriel Vilardi is hit by J.T. Miller and loses puck.
7:07 of 3rd period - Snap shot by J.T. Miller.
7:07 of 3rd period - Stopped by Connor Hellebuyck with a rebound.
7:09 of 3rd period - Backhand shot by Brock Boeser.
7:09 of 3rd period - Stopped by Connor Hellebuyck without a rebound.
7:10 of 3rd period - Adam Lowry wins face-off versus J.T. Miller in Winnipeg Jets zone.
7:21 of 3rd period - Slapshot by Nikolaj Ehlers.
7:21 of 3rd period - Deflect By Nino Niederreiter.
7:21 of 3rd period - Stopped by Casey DeSmith without a rebound.
7:22 of 3rd period - Mark Scheifele wins face-off versus J.T. Miller in Vancouver Canucks zone.
7:35 of 3rd period - Slapshot by Josh Morrissey.
7:35 of 3rd period - Shot Blocked by Quinn Hughes.
7:59 of 3rd period - Snap shot by Elias Pettersson.
7:59 of 3rd period - Stopped by Connor Hellebuyck without a rebound.
8:00 of 3rd period - Mark Scheifele wins face-off versus Elias Pettersson in Winnipeg Jets zone.
8:13 of 3rd period - Slapshot by Kyle Connor.
8:13 of 3rd period - Shot Misses the Net.
8:27 of 3rd period - J.T. Miller is hit by Brenden Dillon and loses puck.
8:48 of 3rd period - Snap shot by Gabriel Vilardi.
8:48 of 3rd period - Shot Blocked by Sam Lafferty.
8:54 of 3rd period - Phillip Di-Giuseppe is hit by Gabriel Vilardi and loses puck.
9:16 of 3rd period - Off-side.
9:17 of 3rd period - Adam Lowry wins face-off versus Elias Pettersson in neutral zone.
9:20 of 3rd period - Ian Cole is hit by Nino Niederreiter and loses puck.
9:45 of 3rd period - Phil Kessel is hit by Brock Boeser and loses puck.
10:11 of 3rd period - Icing by Phillip Di-Giuseppe.
10:12 of 3rd period - Phillip Di-Giuseppe wins face-off versus Gabriel Vilardi in Vancouver Canucks zone.
10:26 of 3rd period - Slapshot by Quinn Hughes.
10:26 of 3rd period - Stopped by Connor Hellebuyck without a rebound.
10:27 of 3rd period - Mark Scheifele wins face-off versus J.T. Miller in Winnipeg Jets zone.
10:59 of 3rd period - Backhand shot by Brenden Dillon.
10:59 of 3rd period - Deflect By Nikolaj Ehlers.
10:59 of 3rd period - Goal by Nikolaj Ehlers - Vancouver Canucks : 2 - Winnipeg Jets : 3.
11:00 of 3rd period - Mark Scheifele wins face-off versus J.T. Miller in neutral zone.
11:19 of 3rd period - Josh Morrissey is hit by Tyler Myers and loses puck.
11:46 of 3rd period - Adam Lowry is hit by Tyler Myers.
11:50 of 3rd period - Adam Lowry is hit by Conor Garland and loses puck.
12:19 of 3rd period - Nino Niederreiter is hit by Conor Garland and loses puck.
12:28 of 3rd period - Adam Lowry is hit by Quinn Hughes and loses puck.
12:39 of 3rd period - Wrist shot by Elias Pettersson.
12:39 of 3rd period - Stopped by Connor Hellebuyck without a rebound.
12:40 of 3rd period - Mark Scheifele wins face-off versus J.T. Miller in Winnipeg Jets zone.
12:45 of 3rd period - Wrist shot by Dylan DeMelo.
12:45 of 3rd period - Shot Misses the Net.
14:53 of 3rd period - Josh Morrissey is hit by Quinn Hughes and loses puck.
15:06 of 3rd period - Minor Penalty to Josh Morrissey for Holding Stick.
15:07 of 3rd period - J.T. Miller wins face-off versus Morgan Barron in Winnipeg Jets zone.
15:10 of 3rd period - Wrist shot by Brock Boeser.
15:10 of 3rd period - Shot Blocked by Dylan DeMelo.
15:12 of 3rd period - Wrist shot by Brock Boeser.
15:12 of 3rd period - Shot Misses the Net.
15:14 of 3rd period - Slapshot by Quinn Hughes.
15:14 of 3rd period - Shot Blocked by Morgan Barron.
15:32 of 3rd period - Anthony Beauvillier is hit by Morgan Barron and loses puck.
15:40 of 3rd period - Icing by Quinn Hughes.
15:41 of 3rd period - J.T. Miller wins face-off versus Gabriel Vilardi in Vancouver Canucks zone.
16:06 of 3rd period - Elias Pettersson is hit by Dylan Samberg.
16:12 of 3rd period - Snap shot by Filip Hronek.
16:12 of 3rd period - Deflect By Anthony Beauvillier.
16:12 of 3rd period - Shot Misses the Net.
16:12 of 3rd period - Puck is out of play.
16:13 of 3rd period - J.T. Miller wins face-off versus Morgan Barron in Winnipeg Jets zone.
16:14 of 3rd period - Snap shot by Andrei Kuzmenko.
16:14 of 3rd period - Stopped by Connor Hellebuyck without a rebound.
16:15 of 3rd period - Morgan Barron wins face-off versus Brock Boeser in Winnipeg Jets zone.
16:32 of 3rd period - Slapshot by Brock Boeser.
16:32 of 3rd period - Shot Misses the Net.
16:42 of 3rd period - Elias Pettersson is hit by Dylan DeMelo and loses puck.
16:49 of 3rd period - Wrist shot by Conor Garland.
16:49 of 3rd period - Stopped by Connor Hellebuyck with a rebound.
16:51 of 3rd period - Snap shot by Elias Pettersson.
16:51 of 3rd period - Stopped by Connor Hellebuyck without a rebound.
16:52 of 3rd period - J.T. Miller wins face-off versus Gabriel Vilardi in Winnipeg Jets zone.
16:53 of 3rd period - Wrist shot by Brock Boeser.
16:53 of 3rd period - Shot Misses the Net.
16:55 of 3rd period - Slapshot by Carson Soucy.
16:55 of 3rd period - Stopped by Connor Hellebuyck without a rebound.
16:56 of 3rd period - J.T. Miller wins face-off versus Gabriel Vilardi in Winnipeg Jets zone.
17:06 of 3rd period - Penalty to Josh Morrissey is over, Josh Morrissey is back on ice.
17:11 of 3rd period - Slapshot by Quinn Hughes.
17:11 of 3rd period - Stopped by Connor Hellebuyck with a rebound.
17:13 of 3rd period - Snap shot by J.T. Miller.
17:13 of 3rd period - Shot Misses the Net.
17:31 of 3rd period - Wrist shot by Elias Pettersson.
17:31 of 3rd period - Shot Misses the Net.
17:33 of 3rd period - Snap shot by Anthony Beauvillier.
17:33 of 3rd period - Deflect By Elias Pettersson.
17:33 of 3rd period - Shot Misses the Net.
17:33 of 3rd period - Puck is out of play.
17:34 of 3rd period - Sam Lafferty wins face-off versus Morgan Barron in Winnipeg Jets zone.
18:01 of 3rd period - Brock Boeser is hit by Nikolaj Ehlers and loses puck.
18:10 of 3rd period - Snap shot by Andrei Kuzmenko.
18:10 of 3rd period - Stopped by Connor Hellebuyck without a rebound.
18:11 of 3rd period - J.T. Miller wins face-off versus Gabriel Vilardi in Winnipeg Jets zone.
18:20 of 3rd period - Snap shot by Quinn Hughes.
18:20 of 3rd period - Shot Blocked by Brenden Dillon.
18:36 of 3rd period - Quinn Hughes is hit by Dylan DeMelo and loses puck.
19:01 of 3rd period - Snap shot by Mark Scheifele.
19:01 of 3rd period - Stopped by Casey DeSmith without a rebound.
19:02 of 3rd period - Jett Fedoruk call a timeout for Vancouver Canucks.
19:02 of 3rd period - J.T. Miller wins face-off versus Mark Scheifele in Vancouver Canucks zone.
19:09 of 3rd period - Vancouver Canucks, Casey DeSmith is pulled from the net.
19:11 of 3rd period - Wrist shot by Andrei Kuzmenko.
19:11 of 3rd period - Stopped by Connor Hellebuyck with a rebound.
19:13 of 3rd period - Snap shot by J.T. Miller.
19:13 of 3rd period - Stopped by Connor Hellebuyck with a rebound.
19:15 of 3rd period - Backhand shot by Tyler Myers.
19:15 of 3rd period - Stopped by Connor Hellebuyck without a rebound.
19:16 of 3rd period - Brock Boeser wins face-off versus Mark Scheifele in Winnipeg Jets zone.
19:19 of 3rd period - Wrist shot by J.T. Miller.
19:19 of 3rd period - Shot Misses the Net.
19:21 of 3rd period - Snap shot by Brock Boeser.
19:21 of 3rd period - Stopped by Connor Hellebuyck with a rebound.
19:23 of 3rd period - Wrist shot by Andrei Kuzmenko.
19:23 of 3rd period - Shot Misses the Net.
19:25 of 3rd period - Wrist shot by Brock Boeser.
19:25 of 3rd period - Shot Misses the Net.
19:27 of 3rd period - Wrist shot by Tyler Myers.
19:27 of 3rd period - Shot Misses the Net.
19:29 of 3rd period - Snap shot by J.T. Miller.
19:29 of 3rd period - Shot Misses the Net.
19:31 of 3rd period - Snap shot by Tyler Myers.
19:31 of 3rd period - Shot Misses the Net.
19:33 of 3rd period - Snap shot by Andrei Kuzmenko.
19:33 of 3rd period - Stopped by Connor Hellebuyck with a rebound.
19:35 of 3rd period - Snap shot by J.T. Miller.
19:35 of 3rd period - Shot Misses the Net.
19:37 of 3rd period - Wrist shot by J.T. Miller.
19:37 of 3rd period - Shot Misses the Net.
19:51 of 3rd period - Wrist shot by Andrei Kuzmenko.
19:51 of 3rd period - Shot Misses the Net.
19:53 of 3rd period - Slapshot by J.T. Miller.
19:53 of 3rd period - Goal by J.T. Miller - Vancouver Canucks : 3 - Winnipeg Jets : 3.
19:53 of 3rd period - Casey DeSmith from Vancouver Canucks was sent back in the game.
19:54 of 3rd period - Sam Lafferty wins face-off versus Adam Lowry in neutral zone.
Goals for this period are 1 for Vancouver Canucks vs 2 for Winnipeg Jets.
Shots for this period are 19 for Vancouver Canucks vs 13 for Winnipeg Jets.

Overtime #1


0:01 of 1st overtime period - J.T. Miller wins face-off versus Mark Scheifele in neutral zone.
0:06 of 1st overtime period - Slapshot by Elias Pettersson.
0:06 of 1st overtime period - Shot Misses the Net.
0:08 of 1st overtime period - Slapshot by Elias Pettersson.
0:08 of 1st overtime period - Shot Misses the Net.
0:10 of 1st overtime period - Snap shot by J.T. Miller.
0:10 of 1st overtime period - Stopped by Connor Hellebuyck without a rebound.
0:11 of 1st overtime period - J.T. Miller wins face-off versus Mark Scheifele in Winnipeg Jets zone.
0:12 of 1st overtime period - Slapshot by Elias Pettersson.
0:12 of 1st overtime period - Shot Misses the Net.
0:14 of 1st overtime period - Slapshot by J.T. Miller.
0:14 of 1st overtime period - Shot Misses the Net.
0:16 of 1st overtime period - Snap shot by Noah Juulsen.
0:16 of 1st overtime period - Deflect By J.T. Miller.
0:16 of 1st overtime period - Stopped by Connor Hellebuyck without a rebound.
0:17 of 1st overtime period - J.T. Miller wins face-off versus Mark Scheifele in Winnipeg Jets zone.
1:30 of 1st overtime period - Wrist shot by Phil Kessel.
1:30 of 1st overtime period - Shot Blocked by Anthony Beauvillier.
2:24 of 1st overtime period - Snap shot by Kyle Connor.
2:24 of 1st overtime period - Stopped by Casey DeSmith with a rebound.
3:08 of 1st overtime period - Neal Pionk is hit by Noah Juulsen and loses puck.
3:27 of 1st overtime period - Phil Kessel is hit by Quinn Hughes and loses puck.
3:46 of 1st overtime period - Snap shot by J.T. Miller.
3:46 of 1st overtime period - Shot Blocked by Kyle Connor.
4:02 of 1st overtime period - Snap shot by Conor Garland.
4:02 of 1st overtime period - Shot Blocked by Adam Lowry.
4:16 of 1st overtime period - Nino Niederreiter is hit by Noah Juulsen and loses puck.
Goals for this period are 0 for Vancouver Canucks vs 0 for Winnipeg Jets.
Shots for this period are 2 for Vancouver Canucks vs 1 for Winnipeg Jets.

ShootOut


5:00 of 1st overtime period - Round #1.
5:00 of 1st overtime period - Vancouver Canucks, J.T. Miller.
5:00 of 1st overtime period - Snap shot by J.T. Miller.
5:00 of 1st overtime period - Stopped by Connor Hellebuyck.
5:00 of 1st overtime period - Winnipeg Jets, Mark Scheifele.
5:00 of 1st overtime period - Snap shot by Mark Scheifele.
5:00 of 1st overtime period - Stopped by Casey DeSmith.
5:00 of 1st overtime period - Round #2.
5:00 of 1st overtime period - Vancouver Canucks, Elias Pettersson.
5:00 of 1st overtime period - Wrist shot by Elias Pettersson.
5:00 of 1st overtime period - Goal by Elias Pettersson.
5:00 of 1st overtime period - Winnipeg Jets, Phil Kessel.
5:00 of 1st overtime period - Wrist shot by Phil Kessel.
5:00 of 1st overtime period - Goal by Phil Kessel.
5:00 of 1st overtime period - Round #3.
5:00 of 1st overtime period - Vancouver Canucks, Andrei Kuzmenko.
5:00 of 1st overtime period - Backhand shot by Andrei Kuzmenko.
5:00 of 1st overtime period - Shot Misses the Net.
5:00 of 1st overtime period - Winnipeg Jets, Kyle Connor.
5:00 of 1st overtime period - Deke by Kyle Connor.
5:00 of 1st overtime period - Stopped by Casey DeSmith.
5:00 of 1st overtime period - Round #4.
5:00 of 1st overtime period - Vancouver Canucks, Brock Boeser.
5:00 of 1st overtime period - Snap shot by Brock Boeser.
5:00 of 1st overtime period - Goal by Brock Boeser.
5:00 of 1st overtime period - Winnipeg Jets, Nikolaj Ehlers.
5:00 of 1st overtime period - Wrist shot by Nikolaj Ehlers.
5:00 of 1st overtime period - Stopped by Casey DeSmith.